 Dungeon Crawl Stone Soup version 0.30-b1-2-g02819fbbbe (webtiles) character file.

Game seed: 3966428324720139597

3768 Dirian the Carver (level 9, -2/85 HPs)
             Began as a Minotaur Monk on May 9, 2023.
             Was a Priest of Zin.
             Slain by a yak (11 damage)
             ... on level 9 of the Dungeon.
             The game lasted 00:15:59 (7525 turns).

Dirian the Carver (Minotaur Monk)                   Turns: 7525, Time: 00:16:00

Health: -2/85      AC: 14    Str: 31    XL:     9   Next: 94%
Magic:  22/23      EV: 11    Int: 11    God:    Zin [***...]
Gold:   396        SH:  0    Dex: 22    Spells: 8/8 levels left

rFire   . . .        a - +1 falchion (heavy)
rCold   . . .        (no shield)
rNeg    + . .        x - +1 chain mail {rN+}
rPois   ∞            (helmet restricted)
rElec   .            d - +2 cloak
rCorr   .            (no gloves)
SInv    .            (no boots)
Will    .....        q
                       - Hermit's Pendant {Faith Invo=14 Evo=0 MP+5} Stlth
                     n - +6 ring of strength
HPRegen 0.34/turn    l - +6 ring of dexterity
MPRegen 0.18/turn

%: faith
@: vitalised
A: horns 2, retaliatory headbutt
a: Renounce Religion, Recite, Vitalisation, Imprison, Donate Gold


You were on level 9 of the Dungeon.
You worshipped Zin.
Zin was most pleased with you.
You visited 2 branches of the dungeon, and saw 10 of its levels.

You collected 490 gold pieces.
You spent 50 gold pieces at shops.
You donated 44 gold pieces to Zin.

Inventory:

Hand Weapons
 a - a +1 heavy falchion (weapon)
 b - the +8 storm bow {elec, penet}
   (You found it on level 3 of the Dungeon)
 k - a +0 flail
Armour
 d - a +2 cloak (worn)
 f - a +0 tower shield
 g - a +1 scale mail of cold resistance
 x - a +1 chain mail of positive energy (worn)
 A - the +1 scale mail of Exclusion {rPois rN++ Will-}
   (You found it on level 8 of the Dungeon)

   rPois:     It protects you from poison.
   rN:        It greatly protects you from negative energy.
   Will:      It decreases your willpower.
Jewellery
 l - a +6 ring of dexterity (right hand)
 n - a +6 ring of strength (left hand)
 q - the Hermit's Pendant (around neck) {Faith Invo=14 Evo=0 MP+5}
   (You found it on level 7 of the Dungeon)

   [amulet of faith]

   Invo=14: It sets your Invocations skill to 14.
   Evo=0: It sets your Evocations skill to 0.
   It allows you to gain divine favour quickly.
   MP:        It affects your magic capacity (+5).
Wands
 e - a wand of acid (11)
 i - a wand of flame (21)
 m - a wand of roots (15)
 v - a wand of digging (4)
Scrolls
 o - a scroll of butterflies
 r - 3 scrolls of magic mapping {unknown}
 s - a scroll of fog
 t - 5 scrolls of teleportation
 u - 2 scrolls of enchant weapon
 y - a scroll of fear
 z - a scroll of blinking
Potions
 c - 4 potions of ambrosia
 h - a potion of haste
 j - 3 potions of attraction
 p - 2 potions of brilliance
 w - 3 potions of heal wounds


   Skills:
 + Level 10.2 Fighting
 - Level 12.0 Long Blades
 - Level 5.0 Ranged Weapons
 + Level 6.0 Armour
 - Level 3.2 Dodging
 - Level 0.2(14.0) Invocations


You had 8 spell levels left.
You didn't know any spells.
Your spell library contained the following spells:

 Spells                   Type           Power      Damage    Failure   Level
 Dazzling Flash           Conj/Hex       0%         N/A       98%         3
 Volatile Blastmotes      Fire/Tloc      0%         2d10      98%         3
 Iskenderun's Mystic Bla  Conj/Tloc      0%         2d3       100%        4
 Summon Lightning Spire   Summ/Air       0%         N/A       100%        4
 Starburst                Conj/Fire      0%         6d3       100%        6
 Storm Form               Tmut/Air       0%         N/A       100%        7
 Maxwell's Capacitive Co  Air            0%         ∞         100%        8


Dungeon Overview and Level Annotations

Branches:
Dungeon (9/15) Zot: 26962  Temple (1/1) D:7 Zot: 5898
   Lair: D:8-11         Orc: D:9-12

Altars:
Ashenzari
Cheibriados
Dithmenos
Elyvilon
Fedhas
Gozag
Kikubaaqudgha
Makhleb
Nemelex Xobeh
Okawaru
Qazlal
Ru
Sif Muna
Trog
Uskayaw
Vehumet
Wu Jian
Xom
Yredelemnul
Zin

Shops:
D:1 *   D:3 (   D:5 [


Innate Abilities, Weirdness & Mutations

You have a pair of horns on your head.
You reflexively headbutt those who attack you in melee.


Message History

You headbutt the yak!
The yak is severely wounded.
The yak barely misses you. The yak gores you.
A yak comes into view.
You barely miss the yak. You headbutt the yak!
You kill the yak!
A yak comes into view.
The yak gores you! Zin grants you divine stamina.
You hit the yak. You headbutt the yak.
The yak is lightly wounded.
The yak snorts and paws the ground.
The yak closely misses you.
You hit the yak but do no damage.
The yak is lightly wounded.
The yak gores you! The yak gores you.
You hit the yak but do no damage. You headbutt the yak, but do no damage.
The yak is lightly wounded.
The yak gores you but does no damage. The yak completely misses you.
You furiously retaliate!
You headbutt the yak! You completely miss the yak.
The yak is heavily wounded.
The yak gores you. The yak barely misses you. You furiously retaliate!
You headbutt the yak! The yak completely misses you. The yak barely misses you.
You closely miss the yak.
The yak is severely wounded.
The yak gores you. x2
You hit the yak but do no damage.
The yak is severely wounded.
The yak gores you but does no damage. The yak gores you!
* * * LOW HITPOINT WARNING * * *
The yak attacks as you move away! The yak gores you but does no damage.
The yak closely misses you. The yak attacks as you move away!
The yak gores you.
* * * LOW HITPOINT WARNING * * *
The yak gores you!
* * * LOW HITPOINT WARNING * * *
There is a stone staircase leading up here.
The yak gores you!
You die...

#..... #.....
#..... ##.....
......Y#+########
.....Y{)........#
.....Y.#YY......#
.......#.YY.....#
.....[.#..@.....#
...$..o##########
....... .......
.......


You could see 5 yaks.

Vanquished Creatures
  A cyclops (D:7)
  2 yaks (D:9)
  2 wyverns
  2 water moccasins
  A black bear (D:6)
  3 centaurs
  A phantom (D:5)
  A kobold brigand (D:6)
  3 bullfrogs
  4 scorpions
  A gnoll sergeant (D:6)
  9 wights (D:7)
  A howler monkey (D:6)
  4 jellies
  2 orc priests (D:8)
  2 hounds
  An iron imp (D:8)
  A sleepcap (D:6)
  Ijyb (D:3)
  Natasha (D:2)
  7 iguanas
  14 orc wizards
  5 gnolls
  7 adders
  A shadow imp (D:8)
  2 white imps
  2 ufetubi
  3 dart slugs
  21 orcs
  7 endoplasms
  4 giant cockroaches
  4 hobgoblins
  8 jackals
  3 quokkas (D:4)
  7 ball pythons
  7 bats
  3 frilled lizards
  7 goblins
  12 kobolds
  4 rats
171 creatures vanquished.

Notes
Turn   | Place    | Note
-------+----------+-------------------------------------------
     0 | D:1      | Dirian the Minotaur Monk began the quest for the Orb.
     0 | D:1      | Reached XP level 1. HP: 19/19 MP: 0/0
    64 | D:1      | Reached skill level 4 in Long Blades
    64 | D:1      | Reached skill level 1 in Armour
    64 | D:1      | Reached XP level 2. HP: 8/27 MP: 1/1
   357 | D:1      | Reached XP level 3. HP: 31/33 MP: 0/2
   560 | D:1      | Found Vidi's General Store.
   565 | D:1      | Bought a potion of heal wounds for 50 gold pieces
   813 | D:2      | Noticed Natasha
   820 | D:2      | Killed Natasha
   821 | D:2      | Reached XP level 4. HP: 32/41 MP: 3/3
   972 | D:2      | Reached skill level 5 in Long Blades
  1418 | D:3      | Reached XP level 5. HP: 47/47 MP: 4/4
  1448 | D:3      | Reached skill level 5 in Fighting
  1448 | D:3      | Reached skill level 6 in Long Blades
  1507 | D:3      | Found a sacrificial altar of Ru.
  1509 | D:3      | Noticed Ijyb
  1520 | D:3      | Killed Ijyb
  1629 | D:3      | Found Qalyips's Antique Weapon Shop.
  1751 | D:3      | Found a shimmering altar of Xom.
  1815 | D:3      | Found a bloodstained altar of Trog.
  1905 | D:3      | Found the +8 storm bow {elec, penet}
  2245 | D:4      | Reached XP level 6. HP: 56/56 MP: 5/5
  2536 | D:4      | Reached skill level 1 in Ranged Weapons
  2829 | D:4      | Noticed a water moccasin
  2843 | D:4      | Killed a water moccasin
  2844 | D:4      | Reached XP level 7. HP: 14/62 MP: 1/6
  2850 | D:4      | HP: 3/62 [poisoned by a water moccasin]
  2853 | D:4      | HP: 1/62 [poisoned by a water moccasin]
  3355 | D:5      | Entered Level 5 of the Dungeon
  3427 | D:5      | Reached skill level 7 in Long Blades
  3505 | D:5      | Found a burning altar of Makhleb.
  3679 | D:5      | Found Bulat's Dragon-Slaying Spoils.
  4029 | D:6      | Reached XP level 8. HP: 63/71 MP: 7/7
  4091 | D:6      | Reached skill level 5 in Armour
  4222 | D:6      | Reached skill level 5 in Ranged Weapons
  4464 | D:6      | Found a stormy altar of Qazlal.
  4626 | D:6      | Found a basalt altar of Yredelemnul.
  4651 | D:6      | Reached skill level 8 in Long Blades
  4654 | D:6      | Found an opulent altar of Gozag.
  4932 | D:6      | Found a white marble altar of Elyvilon.
  5236 | D:7      | Reached skill level 9 in Long Blades
  5447 | D:7      | Identified the +1 leather armour of Nuqiuce {rN+ Str+3
                  | Dex+3}
  5452 | D:7      | Reached XP level 9. HP: 81/81 MP: 8/8
  5484 | D:7      | Reached skill level 10 in Long Blades
  5555 | D:7      | Found a staircase to the Ecumenical Temple.
  5565 | Temple   | Entered the Ecumenical Temple
  5657 | Temple   | Became a worshipper of Zin the Law-Giver
  5657 | Temple   | Reached * piety under Zin
  5657 | Temple   | Reached ** piety under Zin
  5657 | Temple   | Reached *** piety under Zin
  5718 | D:7      | Found a faded altar of an unknown god.
  5718 | D:7      | Noticed a cyclops
  5718 | D:7      | Found the Hermit's Pendant {Faith Invo=14 Evo=0 MP+5}
  5725 | D:7      | Killed a cyclops
  6363 | D:7      | Reached **** piety under Zin
  6561 | D:8      | Identified the +1 scale mail of Exclusion {rPois rN++
                  | Will-}
  6570 | D:8      | Reached skill level 11 in Long Blades
  6829 | D:8      | Found a broken altar of Ashenzari.
  6885 | D:8      | Found a snail-covered altar of Cheibriados.
  7311 | D:8      | Found a shimmering blue altar of Sif Muna.
  7317 | D:8      | Found an ancient bone altar of Kikubaaqudgha.
  7331 | D:8      | Found a radiant altar of Vehumet.
  7512 | D:9      | Reached skill level 10 in Fighting
  7512 | D:9      | Reached skill level 12 in Long Blades
  7525 | D:9      | Slain by a yak

Illustrated notes

Levels and vault maps discovered:
D:1:      nzn_arrival_depleted_hourglass, layout_rooms, serial_shops, shop,
          minmay_small_reverse_x
D:2:      layout_basic, uniq_natasha
D:3:      layout_loops_ring, mainiacjoe_overflow_cross_hatched,
          mainiacjoe_overflow_alcove_4, mainiacjoe_overflow_paths, serial_shops,
          nicolae_shop_window_shopping, kennysheep_generic_room_7, uniq_ijyb
D:4:      layout_basic
D:5:      layout_gridville, lightli_temple_of_fire, minmay_misc_feat_encased,
          nicolae_shop_dragon_depot
D:6:      layout_basic, kennysheep_ying_yang,
          mainiacjoe_overflow_six_doors_small, lemuel_round_altar
D:7:      layout_loops_cross, temple_hall, hellmonk_guarded_unrand_hermit
D:8:      layout_loops_ring, palyth_temple_overflow_mages,
          nicolae_overflow_hidden_temple, chei_slow_surprise
D:9:      layout_irregular_city, kennysheep_mini,
          nicolae_shop_overcharged_wands, uniq_erolcha
Temple:   nicolae_temple_great_sept

Skill      XL: |  1  2  3  4  5  6  7  8  9 |
---------------+----------------------------+-----
Fighting       | 4 5 6 7 10 | 10.2
Long Blades    | 4 5 6 7 9 12 | 12.0
Armour         | 1 2 3 4 6 |  6.0
Ranged Weapons | 2 4 5 |  5.0
Dodging        | |  3.2
Invocations    | |  0.2

Action                     |  1- 3 |  4- 6 |  7- 9 || total
---------------------------+-------+-------+-------++-------
  Melee: Falchion          |    59 |    75 |   192 ||   326
         Headbutt          |     9 |    15 |    43 ||    67
         Punch             |       |       |     3 ||     3
   Fire: Longbow           |       |    35 |    32 ||    67
 Invoke: Vitalisation      |       |       |     3 ||     3
         Recite            |       |       |     1 ||     1
    Use: Scroll            |       |     9 |     8 ||    17
         Potion            |       |     1 |     1 ||     2
 Armour: Robe              |     6 |     9 |       ||    15
         Scale mail        |       |       |    50 ||    50
         Chain mail        |       |       |    58 ||    58
  Dodge: Dodged            |    53 |    42 |   101 ||   196
